 Dungeon Crawl Stone Soup version 0.29.1-15-g9cfb28693d (webtiles) character file.

Game seed: 8764449960633542817

66484 growler the Black Belt (level 14, -8/162 HPs)
             Began as a Red Draconian Transmuter on Mar 2, 2023.
             Was the Champion of Wu Jian.
             Mangled by a two-headed ogre
             ... wielding a +0 giant club
              (10 damage)
             ... on level 2 of the Orcish Mines on Mar 3, 2023.
             The game lasted 01:12:47 (25693 turns).

growler the Black Belt (Red Draconian Transmuter)  Turns: 25693, Time: 01:12:47

Health: -8/162     AC:  6    Str: 13    XL:     14   Next: 79%
Magic:  17/20      EV: 20    Int: 13    God:    Wu Jian [******]
Gold:   1377       SH:  0    Dex: 23    Spells: 11/21 levels left

rFire   x . .      SeeInvis .     - Unarmed
rCold   + + +      Faith    .   (shield currently unavailable)
rNeg    . . .      Spirit   .   (body armour unavailable)
rPois   +          Reflect  .   (helmet currently unavailable)
rElec   .          Harm     .   (cloak currently unavailable)
rCorr   .          Rampage  .   (gloves currently unavailable)
Will    +....                   (boots currently unavailable)
Stlth   ++........              M - amulet of the acrobat
HPRegen 0.37/turn               y - +4 ring of evasion
MPRegen 0.17/turn               D - +6 ring of dexterity

@: exhausted, ice-form, wereblooded
A: freezing attack, amphibious, boosted hp, (breathe fire), AC +8, large,
unfitting armour, (fire resistance 1), (cold-blooded)
a: End Transformation, Renounce Religion, Wall Jump, Serpent's Lash, Heavenly
Storm


You were on level 2 of the Orcish Mines.
You worshipped Wu Jian.
Wu Jian was exalted by your worship.
You were a creature of crystalline ice.
You visited 3 branches of the dungeon, and saw 18 of its levels.
You also visited: Ice Cave.

You collected 1682 gold pieces.
You spent 305 gold pieces at shops.

Inventory:

Armour
 n - the +3 pair of mountain boots (melded) {steadfast, rC+}
   (You acquired it on level 9 of the Dungeon)

   It prevents involuntary movement, except for blinking, teleportation, or
   banishment.
   rC:        It protects you from cold.
 C - a +2 cloak (melded)
 F - a +0 pair of gloves (melded)
 S - the +0 hat "Ferghamul" (melded) {rElec Str+3 Stlth+}
   (You acquired it on level 5 of the Lair of Beasts)

   Str:       It affects your strength (+3).
   rElec:     It insulates you from electricity.
   Stlth:     It makes you more stealthy.
Jewellery
 r - a ring of resist corrosion
 y - a +4 ring of evasion (left front paw)
 A - a ring of magical power
 D - a +6 ring of dexterity (right front paw)
 H - a ring of ice
 K - a ring of wizardry
 M - an amulet of the acrobat (around neck)
 N - an amulet of magic regeneration
 O - a ring of see invisible
Wands
 a - a wand of acid (5)
 i - a wand of iceblast (13)
 q - a wand of flame (75)
 J - a wand of paralysis (10)
 R - a wand of polymorph (4)
Scrolls
 b - 2 scrolls of fog
 f - 3 scrolls of vulnerability
 g - 7 scrolls of teleportation
 h - a scroll of torment
 j - 2 scrolls of poison
 m - 2 scrolls of enchant weapon
 u - a scroll of brand weapon
 v - 3 scrolls of blinking
 x - 4 scrolls of immolation
 E - a scroll of amnesia
 I - 3 scrolls of fear
 L - a scroll of silence {unknown}
 T - a scroll of summoning
Potions
 c - 4 potions of curing
 d - 3 potions of invisibility
 e - 5 potions of haste
 k - 7 potions of ambrosia
 l - 4 potions of attraction
 o - 3 potions of flight
 p - 3 potions of mutation
 s - 7 potions of might
 t - 3 potions of resistance
 z - 2 potions of cancellation
 B - 3 potions of heal wounds
 P - 3 potions of brilliance


   Skills:
 - Level 15.0 Fighting
 + Level 8.0 Dodging
 + Level 18.9 Unarmed Combat
 - Level 4.0 Spellcasting
 - Level 6.0 Transmutations
 - Level 5.0 Ice Magic


You had 11 spell levels left.
You knew the following spells:

 Your Spells              Type           Power      Damage    Failure   Level
a - Beastly Appendage     Tmut           36%        N/A       1%          1
b - Wereblood             Tmut           18%        N/A       2%          2
c - Spider Form           Tmut/Pois      10%        N/A       19%         3
d - Ice Form              Ice/Tmut       16%        N/A       22%         4

Your spell library contained the following spells:

 Spells                   Type           Power      Damage    Failure   Level
 Freeze                   Ice            60%        1d8       2%          1
 Frozen Ramparts          Ice            30%        1d5       8%          3
 Foxfire                  Conj/Fire      8%         2x1d4     21%         1
 Shock                    Conj/Air       8%         1d3       21%         1
 Static Discharge         Conj/Air       2%         3-4/arc   30%         2
 Sublimation of Blood     Necr           2%         N/A       30%         2
 Conjure Flame            Conj/Fire      2%         6-21      52%         3
 Inner Flame              Hex/Fire       2%         N/A       52%         3
 Summon Guardian Golem    Hex/Summ       2%         N/A       52%         3
 Swiftness                Air            2%         N/A       52%         3
 Tukima's Dance           Hex            2%         N/A       52%         3
 Hailstorm                Conj/Ice       9%         3d4       58%         4
 Yara's Violent Unravell  Hex/Tmut       5%         3d4       86%         5
 Airstrike                Air            1%         2d(1-17)  90%         4
 Cause Fear               Hex            1%         N/A       90%         4
 Dispel Undead            Necr           2%         3d7       90%         4
 Flame Wave               Conj/Fire      2%         2d4       90%         4
 Passage of Golubria      Tloc           2%         N/A       90%         4
 Sticky Flame             Conj/Fire      2%         2d3       90%         4
 Lightning Bolt           Conj/Air       1%         1d12      99%         5
 Summon Forest            Summ/Tloc      1%         N/A       99%         5
 Eringya's Noxious Bog    Tmut/Pois      5%         N/A       100%        6
 Orb of Destruction       Conj           1%         9d5       100%        7
 Spellforged Servitor     Conj/Summ      1%         N/A       100%        7
 Summon Hydra             Summ           1%         N/A       100%        7
 Discord                  Hex            1%         N/A       100%        8
 Maxwell's Capacitive Co  Air            1%         ∞         100%        8
 Polar Vortex             Ice            7%         N/A       100%        9


Dungeon Overview and Level Annotations

Branches:
Dungeon (11/15)            Temple (0/1) D:7            Lair (5/5) D:8
  Swamp (0/4) Lair:2        Snake (0/4) Lair:2        Slime (0/5) Lair:5
    Orc (2/2) D:9           IceCv (visited)
    Elf: Orc:2

Altars:
Elyvilon
Gozag
Nemelex Xobeh
Okawaru
Qazlal
Sif Muna
Trog
Uskayaw
Vehumet
Wu Jian
Zin
The Shining One

Shops:
D:8 [!![=   D:9 *

Annotations:
Orc:2 Saint Roka


Innate Abilities, Weirdness & Mutations

You are a creature of crystalline ice.
You have a powerful freezing melee attack.
You are amphibious.
Your maximum health is increased.
Your armour is entirely melded.
You are incapable of wielding weapons or throwing items.
((You can breathe blasts of fire.))
((Your fiery red scales are hard. (AC +8)))
You cannot fit into any form of body armour.
((Your flesh is heat resistant. (rF+)))
((You are cold-blooded and may be slowed by cold attacks.))


Message History

The hellwing hits you.
* * * LOW HITPOINT WARNING * * *
You feel much better.
Saint Roka lets out a mighty war cry!
Saint Roka roars a battlecry!
The ogre mage is engulfed in poison gas.
The ogre mage is poisoned.
The two-headed ogre looks even sicker.
The two-headed ogre is engulfed in poison gas.
The two-headed ogre looks even sicker.
The hellwing hits you.
* * * LOW HITPOINT WARNING * * *
The hellwing hits you!
* * * LOW HITPOINT WARNING * * *
You hear two shouts!
You feel much better.
Saint Roka invokes the aid of Beogh against you.
Beogh smites you!
* * * LOW HITPOINT WARNING * * *
The two-headed ogre is engulfed in poison gas.
The two-headed ogre looks even sicker.
The ogre mage is engulfed in poison gas.
The ogre mage looks even sicker.
The two-headed ogre is engulfed in poison gas.
The two-headed ogre looks even sicker.
The hellwing hits you!
* * * LOW HITPOINT WARNING * * *
The hellwing completely misses you.
Aiming: Corrosive Bolt
Press: ? - help, Shift-Dir - straight line, f - Saint Roka
Aim: Saint Roka, wielding a +0 dire flail and wearing a +2 chain mail of poison resistance (poison gas, almost dead, 79% to hit)
The bolt of acid misses the hellwing.
The bolt of acid hits Saint Roka.
The acid corrodes Saint Roka!
Saint Roka is almost dead.
The ogre mage is engulfed in poison gas.
The ogre mage looks even sicker.
The two-headed ogre looks as sick as possible!
The two-headed ogre is engulfed in poison gas.
The two-headed ogre looks as sick as possible!
The two-headed ogre hits you with a +0 giant club!!
* * * LOW HITPOINT WARNING * * *
The two-headed ogre hits you with a +0 giant club!
You die...

#...###....#.#....#.
##..##.......###..... #
##............# #...#.
##§#○§...^..##..###....##
#§☼§○§.#.#### ##..... .
#○#§°○.## ..... #
.##§°§§##### #.#
..§§§§○°§##§##
#.§§§§§§☼YO§§# ##
###§§§§○§#4o○##.####
#§☼°§○##O°○#...#^##
##§☼°§..3☼)#......#
##§°...O☼)○#.....#
#°°○...°.§.#.....#
##○....§☼..§o.#.#
§§....§☼§○°...#
#.......$#...##


You could see Saint Roka (corroded), 2 two-headed ogres, an ogre mage (very
poisoned), a sun demon (summoned) and a hellwing (summoned).

Vanquished Creatures
  A frost giant (IceCv)
  Josephine (Lair:5)
  5 hydras
  2 catoblepae
  2 two-headed ogres
  9 death yaks
  A deep troll shaman (Lair:5)
  Urug (Lair:1)
  An orc high priest (Orc:1)
  Nergalle (Lair:1)
  2 orc knights (Orc:1)
  An ugly thing (D:11)
  3 orc sorcerers (Orc:1)
  2 manticores (D:11)
  An ice statue (IceCv)
  9 elephants
  6 centaur zombies (D:11)
  2 black mambas
  Joseph (Lair:1)
  A gargoyle (D:10)
  Maurice (D:8)
  2 torpor snails
  15 cane toads
  12 komodo dragons
  2 rime drakes
  A kobold demonologist (D:10)
  Psyche (D:8)
  A troll (D:9)
  18 polar bears
  12 blink frogs
  8 dream sheep
  25 yaks
  4 shadows (D:11)
  A vampire (D:11)
  Sigmund (D:4)
  7 wraiths
  2 wyverns
  A fire elemental (Lair:4)
  A basilisk (D:11)
  A steam dragon (D:7)
  2 swamp worms (Lair:2)
  Menkaure (D:4)
  5 wargs
  2 nagas (Lair:2)
  An acid dragon (D:11)
  Duvessa (D:6)
  18 water moccasins
  18 orc warriors
  A sky beast (D:8)
  An ice beast (D:5)
  6 ogres
  A black bear (Lair:4)
  33 wolves
  A phantom (D:5)
  2 centaurs
  3 kobold brigands
  14 bullfrogs
  A gnoll sergeant (D:6)
  3 scorpions
  3 wights (D:8)
  Dowan (D:6)
  5 killer bees
  5 howler monkeys
  2 electric eels
  A lava snake (Lair:4)
  2 hounds (D:5)
  16 orc priests
  2 jellies
  Ijyb (D:3)
  A boggart zombie (D:11)
  Jessica (D:3)
  An iguana (D:7)
  19 orc wizards
  7 hell rats (Lair:2)
  2 howler monkey zombies (D:11)
  15 gnolls
  5 adders
  14 white imps
  An ufetubus (D:6)
  A worm (D:4)
  3 dart slugs
  80 orcs
  2 bats (D:2)
  9 endoplasms
  5 giant cockroaches
  8 goblins
  9 hobgoblins
  3 jackals (D:1)
  14 kobolds
  4 quokkas
  8 ball pythons
  2 frilled lizards (D:1)
  6 rats
540 creatures vanquished.

Vanquished Creatures (others)
  An orc (Orc:2)
  21 fungi
  25 plants
47 creatures vanquished.

Grand Total: 587 creatures vanquished

Notes
Turn   | Place    | Note
-------+----------+-------------------------------------------
     0 | D:1      | growler the Draconian Transmuter began the quest for the
                  | Orb.
     0 | D:1      | Reached XP level 1. HP: 16/16 MP: 3/3
   179 | D:1      | Reached XP level 2. HP: 17/23 MP: 3/5
   182 | D:1      | Learned a level 2 spell: Wereblood
   860 | D:1      | Reached XP level 3. HP: 28/28 MP: 6/6
  1548 | D:2      | Reached XP level 4. HP: 23/35 MP: 4/8
  1554 | D:2      | Learned a level 3 spell: Spider Form
  2198 | D:2      | Found a faded altar of an unknown god.
  2822 | D:3      | Got the Omnibus of the Blizzard
  2942 | D:3      | Reached skill level 4 in Unarmed Combat
  2949 | D:3      | Reached XP level 5. HP: 40/40 MP: 3/9
  3034 | D:3      | Noticed Ijyb
  3048 | D:3      | Killed Ijyb
  3424 | D:3      | Noticed Jessica
  3437 | D:3      | Killed Jessica
  3629 | D:3      | Found a sparkling altar of Nemelex Xobeh.
  3632 | D:3      | Found a shimmering blue altar of Sif Muna.
  3634 | D:3      | Found a bloodstained altar of Trog.
  3635 | D:3      | Found a stormy altar of Qazlal.
  3636 | D:3      | Found an iron altar of Okawaru.
  3636 | D:3      | Found an opulent altar of Gozag.
  3636 | D:3      | Found a glowing silver altar of Zin.
  3637 | D:3      | Found a glowing golden altar of the Shining One.
  3638 | D:3      | Found a hide-covered altar of Uskayaw.
  3640 | D:3      | Found an ornate altar of the Wu Jian Council.
  3642 | D:3      | Found a radiant altar of Vehumet.
  3648 | D:3      | Became a worshipper of the Wu Jian Council
  3654 | D:3      | Learned a level 4 spell: Ice Form
  3932 | D:4      | Reached skill level 5 in Unarmed Combat
  3936 | D:4      | Reached XP level 6. HP: 43/47 MP: 5/10
  4012 | D:4      | Reached skill level 6 in Unarmed Combat
  4135 | D:4      | Reached * piety under Wu Jian
  4310 | D:4      | Noticed Menkaure
  4320 | D:4      | Killed Menkaure
  4321 | D:4      | Your scales start taking on a fiery red colour.
  4321 | D:4      | Reached XP level 7. HP: 52/52 MP: 8/11
  4321 | D:4      | Gained mutation: Your flesh is heat resistant. (rF+) [Red
                  | Draconian growth]
  4349 | D:4      | Noticed Sigmund
  4353 | D:4      | Killed Sigmund
  4354 | D:4      | Reached skill level 7 in Unarmed Combat
  4577 | D:5      | Entered Level 5 of the Dungeon
  4604 | D:5      | Reached skill level 8 in Unarmed Combat
  4961 | D:5      | Reached XP level 8. HP: 54/59 MP: 12/12
  4968 | D:5      | Reached skill level 9 in Unarmed Combat
  5992 | D:6      | Noticed Dowan
  5994 | D:6      | Noticed Duvessa
  6000 | D:6      | Reached skill level 10 in Unarmed Combat
  6069 | D:6      | Killed Dowan
  6077 | D:6      | Killed Duvessa
  6078 | D:6      | Reached skill level 1 in Ice Magic
  6833 | D:6      | Reached ** piety under Wu Jian
  7650 | D:6      | Reached XP level 9. HP: 38/68 MP: 11/14
  7970 | D:7      | Found a staircase to the Ecumenical Temple.
  7973 | D:7      | Identified the +12 dagger "Concordance" {flame, Str+4}
  8245 | D:7      | Identified the +5 scale mail of Pumak {rElec Will+ Int-2}
  9022 | D:8      | Noticed a two-headed ogre
  9048 | D:8      | Killed a two-headed ogre
  9049 | D:8      | Reached skill level 5 in Transmutations
  9464 | D:8      | Noticed Psyche
  9469 | D:8      | Killed Psyche
  9655 | D:8      | Found Moiff's Armour Shoppe.
  9663 | D:8      | Reached skill level 5 in Fighting
  9707 | D:8      | Bought a +0 pair of boots for 67 gold pieces
  9769 | D:8      | Found Iroyl's Distillery.
  9773 | D:8      | Reached skill level 11 in Unarmed Combat
  9783 | D:8      | Bought a potion of might for 56 gold pieces
  9783 | D:8      | Bought a potion of heal wounds for 70 gold pieces
  9808 | D:8      | Found a staircase to the Lair.
  9826 | D:8      | Noticed Maurice
  9831 | D:8      | Killed Maurice
  9832 | D:8      | Reached XP level 10. HP: 63/81 MP: 14/16
  9907 | D:8      | Found Teppu's Jewellery Shoppe.
 10007 | D:8      | Found Fok Wuom's Distillery.
 10225 | D:8      | Found Qihaaj's Antique Armour Shop.
 10236 | D:8      | Bought a pair of gloves for 112 gold pieces
 10961 | D:9      | Found a staircase to the Orcish Mines.
 11299 | D:9      | Found Canwuschi's Assorted Antiques.
 11749 | D:10     | Entered Level 10 of the Dungeon
 11790 | D:10     | Reached *** piety under Wu Jian
 12016 | D:10     | Noticed a rust devil
 12020 | D:10     | Reached skill level 5 in Ice Magic
 12097 | D:10     | Noticed a gargoyle
 12101 | D:10     | Killed a gargoyle
 12151 | D:10     | Noticed a two-headed ogre
 12159 | D:10     | Killed a two-headed ogre
 12160 | D:10     | Reached skill level 12 in Unarmed Combat
 12458 | D:10     | Found a white marble altar of Elyvilon.
 12637 | D:11     | Noticed a manticore
 12655 | D:11     | Killed a manticore
 12668 | D:11     | Reached skill level 14 in Unarmed Combat
 12668 | D:11     | Reached XP level 11. HP: 60/94 MP: 17/17
 12861 | D:11     | Noticed a purple ugly thing
 12872 | D:11     | Killed a purple ugly thing
 12990 | D:11     | Reached XP level 12. HP: 90/103 MP: 18/18
 13016 | D:11     | Reached skill level 15 in Unarmed Combat
 14404 | D:11     | Reached skill level 10 in Fighting
 14735 | Lair:1   | Entered Level 1 of the Lair of Beasts
 14871 | Lair:1   | Reached **** piety under Wu Jian
 14874 | Lair:1   | Noticed Joseph
 15228 | Lair:1   | Killed Joseph
 15340 | Lair:1   | Noticed Urug
 15347 | Lair:1   | Killed Urug
 15708 | Lair:1   | Reached skill level 16 in Unarmed Combat
 16159 | Lair:1   | Noticed Nergalle
 16168 | Lair:1   | Killed Nergalle
 16618 | Lair:1   | Noticed a catoblepas
 16623 | Lair:1   | Killed a catoblepas
 16823 | Lair:2   | Reached XP level 13. HP: 83/114 MP: 16/19
 17294 | Lair:2   | Found a staircase to the Snake Pit.
 17801 | Lair:2   | Reached skill level 17 in Unarmed Combat
 18654 | Lair:2   | Found a staircase to the Swamp.
 19807 | Lair:4   | Reached ***** piety under Wu Jian
 20390 | Lair:5   | Entered Level 5 of the Lair of Beasts
 20390 | Lair:5   | Found a frozen archway.
 20526 | IceCv    | Entered an ice cave
 21108 | IceCv    | Noticed a frost giant
 21119 | IceCv    | Reached skill level 5 in Dodging
 21126 | IceCv    | Killed a frost giant
 21130 | IceCv    | Reached XP level 14. HP: 79/132 MP: 17/20
 21364 | IceCv    | Identified the +0 robe of Baldness {Int+8 Dex-5}
 21485 | IceCv    | Reached ****** piety under Wu Jian
 21489 | IceCv    | Reached skill level 18 in Unarmed Combat
 22168 | Lair:5   | Identified 2 scrolls of acquirement
 22168 | Lair:5   | Acquired the +0 hat "Ferghamul" {rElec Str+3 Stlth+}
 22523 | Lair:5   | Found a staircase to the Slime Pits.
 22613 | Lair:5   | Noticed Josephine
 22626 | Lair:5   | Killed Josephine
 23264 | Lair:5   | Reached skill level 15 in Fighting
 24044 | Orc:1    | Entered Level 1 of the Orcish Mines
 24350 | D:9      | Acquired the +3 pair of mountain boots {steadfast, rC+}
 24350 | D:9      | Found the +3 pair of mountain boots {steadfast, rC+}
 25487 | Orc:2    | Entered Level 2 of the Orcish Mines
 25551 | Orc:2    | Found a radiant altar of Vehumet.
 25675 | Orc:2    | Noticed Saint Roka
 25693 | Orc:2    | HP: 2/162 [two-headed ogre/+0 giant club (19)]
 25693 | Orc:2    | Mangled by a two-headed ogre

Illustrated notes

Levels and vault maps discovered:
D:1:      scummos_arrival_checkerplants, layout_basic, kennysheep_nondescript,
          minmay_door_square
D:2:      layout_basic, shapermc_ecumenical_altar_ellora
D:3:      layout_loops_corners, minitemple, uniq_jessica, uniq_ijyb
D:4:      layout_loops_cross, minmay_close_crescents, uniq_menkaure,
          uniq_sigmund
D:5:      layout_rooms, minmay_misc_feat_secret_circle
D:6:      minmay_spotlight, layout_layer_cave, minmay_misc_feat_cross,
          uniq_duvessa
D:7:      layout_loops_corners, minmay_temple_entry_tees,
          chequers_serial_rivers_large_a, serial_bayou_pond_e
D:8:      layout_cave_pools, lair_entry_dummy, serial_shops,
          nicolae_take_the_stairs, nicolae_shop_behind_doors,
          nicolae_lakefront_shop, nicolae_lakefront_shop, nicolae_stop_n_shop_2,
          uniq_maurice, uniq_psyche
D:9:      layout_basic, david_orc_1_choice, serial_shops,
          nicolae_shop_hallway_stairs
D:10:     layout_rooms, nicolae_elyvilon_temple_path, kennysheep_generic_room_15
D:11:     layout_small_grid, serial_undead, serial_undead_b, serial_undead_d,
          serial_undead_a, serial_undead_d, blue_anna_alchemist
Lair:1:   layout_concentric_octagons, nicolae_lair_lil_pond,
          beast_lair_carwin_3, uniq_joseph, uniq_urug, uniq_nergalle
Lair:2:   layout_loops_ring, palyth_hydra_swamp_entry,
          guppyfry_snake_entry_garden, lightli_volcano_entry_magma_tube,
          nicolae_quartered_pool_super
Lair:3:   layout_roguey
Lair:4:   layout_gridlike, beast_lair_carwin_4
Lair:5:   grunt_lair_end_beastmaster, layout_long_grid, slime_entry_1,
          gauntlet_entry_generic, portal_ice_cave_entry_imps, uniq_josephine
Orc:1:    layout_caves
Orc:2:    st_orc_ogre_mass, layout_caves, basic_altar, uniq_saint_roka

Skill      XL: |  1  2  3  4  5  6  7  8  9 10 11 12 13 14 |
---------------+-------------------------------------------+-----
Transmutations | 3 4 6 |  6.0
Spellcasting   | 3 4 |  4.0
Unarmed Combat | 4 5 6 8 10 11 14 16 17 18 | 18.9
Fighting       | 2 5 8 12 14 15 | 15.0
Ice Magic      | 1 3 5 |  5.0
Dodging        | 5 8 |  8.0

Action                   |  1- 3 |  4- 6 |  7- 9 | 10-12 | 13-15 || total
-------------------------+-------+-------+-------+-------+-------++-------
Melee: Unarmed           |   106 |   125 |   220 |   398 |   747 ||  1596
       Kick              |    11 |     8 |    15 |     4 |       ||    38
       Headbutt          |     6 |     5 |     8 |     2 |       ||    21
       Tailslap          |    13 |    13 |    23 |    40 |    35 ||   124
       Punch             |     3 |     5 |    15 |    12 |    26 ||    61
 Cast: Beastly Appendage |     7 |     3 |     8 |     2 |       ||    20
       Wereblood         |     2 |     3 |    10 |     7 |     5 ||    27
       Spider Form       |       |     4 |     9 |     2 |       ||    15
       Ice Form          |       |       |       |    16 |    29 ||    45
Invok: Lunge             |       |     3 |    13 |    22 |    80 ||   118
       Whirlwind         |       |       |     5 |    91 |   220 ||   316
       Serpent's Lash    |       |       |       |     3 |     6 ||     9
 Abil: Breathe Fire      |       |       |    13 |    10 |     8 ||    31
       Wall Jump         |       |       |     1 |       |       ||     1
Evoke: Wand              |       |       |     2 |       |     5 ||     7
  Use: Scroll            |     1 |     6 |     8 |     5 |    11 ||    31
       Potion            |       |     1 |     1 |     2 |     2 ||     6
 Stab: Sleeping          |     3 |     3 |       |     2 |     3 ||    11
       Petrified         |       |       |       |       |     2 ||     2
Armor: Skin              |    13 |    19 |    37 |    96 |    96 ||   261
Dodge: Dodged            |    49 |    78 |   124 |   228 |   401 ||   880
